Map: Belladona EE

Players

JinairRogue (Rogue) - Winner!

  • Race: Zerg Zerg
  • Spawn Location: 11:00

INnoVation

  • Race: Terran Terran
  • League: Grandmaster
  • Spawn Location: 5:00

VOD

Have the link to the VOD?

Description

Time

  • Played on: Jan. 16, 2020, 6:36 a.m.
  • Length: 12:39
Show
View Real Time Build Order
Export as new Build Order

JinairRogue Zerg - Winner!

Build Orders: Hatch First 

Get SALT Encoding   

  12  0:00  Drone  
  13  0:12  Overlord  
  13  0:17  Drone  
  14  0:31  Drone x2  
  16  0:48  Hatchery  
  15  0:51  Drone  
  15  0:55  Drone  
  17  0:58  Drone  
  18  1:09  Extractor  
  17  1:13  Spawning Pool  
  17  1:16  Drone  
  17  1:19  Drone  
  18  1:29  Drone  
  19  1:39  Drone  
  20  1:50  Overlord  
  20  2:00  Queen x2  
  24  2:01  Zergling x4  
  26  2:08  Metabolic Boost  
  26  2:12  Drone x2  
  28  2:22  Drone x2  
  30  2:33  Drone x2  
  32  2:39  Queen x2  
  35  2:45  Overlord  
  35  3:04  Drone x3  
  38  3:06  Drone x2  
  38  3:07  Hatchery  
  38  3:11  Drone x2  
  41  3:15  Overlord  
  41  3:20  Drone  
  41  3:21  Drone  
  41  3:25  Overlord  
  43  3:33  Overlord  
  43  3:35  Zergling x4  
  43  3:40  Drone x2  
  47  3:46  Queen  
  47  3:47  Drone x5  
  54  3:49  Drone  
  54  3:54  Zergling x4  
  57  4:02  Overlord  
  57  4:03  Drone  
  57  4:05  Baneling Nest  
  57  4:13  Overlord  
  57  4:15  Drone  
  58  4:22  Evolution Chamber  
  58  4:24  Queen, Evolution Chamber  
  58  4:25  Drone  
  58  4:26  Drone x6  
  58  4:30  Drone x2  
  68  4:32  Queen  
  68  4:37  Zergling x2  
  71  4:41  Extractor  
  71  4:42  Overlord  
  71  4:43  Zergling x4  
  72  4:48  Spore Crawler  
  72  4:50  Zerg Ground Armor Level 1  
  72  4:52  Drone x2  
  73  4:56  Zergling x4  
  73  4:58  Drone x2  
  77  5:00  Zerg Melee Weapons Level 1  
  77  5:05  Drone x5  
  82  5:08  Queen  
  82  5:10  Spore Crawler  
  82  5:11  Drone x3  
  86  5:16  Extractor x2  
  84  5:21  Overlord  
  84  5:22  Drone x3  
  84  5:24  Lair  
  87  5:29  Hatchery  
  87  5:34  Extractor  
  87  5:35  Spore Crawler, Extractor  
  84  5:37  Drone x4  
  84  5:39  Drone x2  
  84  5:40  Drone  
  90  5:46  Drone x3  
  90  5:49  Baneling Nest, Overlord  
  92  5:53  Drone  
  92  5:54  Drone x3  
  96  5:59  Zergling x4  
  96  6:04  Queen  
  96  6:09  Queen  
  96  6:11  Overlord  
  88  6:20  Zergling x2, Overlord  
  88  6:21  Zergling x8  
  88  6:22  Zergling x6  
  87  6:26  Drone x2  
  87  6:28  Spire  
  84  6:36  Drone x5  
  86  6:42  Drone  
  86  6:43  Drone x4  
  89  6:57  Drone x5  
  89  6:59  Zergling x8  
  95  7:04  Zergling x4  
  95  7:09  Zergling x2  
  95  7:10  Zergling x2  
  95  7:19  Drone  
  95  7:20  Hatchery  
  95  7:21  Zergling x4  
  95  7:22  Zergling x12  
  103  7:25  Extractor, Drone x2  
  103  7:26  Extractor  
  103  7:36  Overlord  
  103  7:41  Drone  
  104  7:46  Mutalisk x5  
  104  7:47  Mutalisk x3  
  104  7:51  Hatchery, Zerg Flyer Weapons Level 1  
  119  7:57  Mutalisk x4  
  126  7:59  Overlord  
  120  8:07  Mutalisk  
  120  8:08  Mutalisk x3  
  120  8:11  Overlord  
  126  8:17  Drone x2  
  126  8:18  Drone x7  
  130  8:21  Queen  
  130  8:25  Overlord  
  132  8:28  Drone x3  
  132  8:29  Drone x2  
  132  8:33  Overlord  
  135  8:47  Zerg Ground Armor Level 2  
  135  8:54  Roach Warren  
  134  9:01  Corruptor x6  
  146  9:09  Zerg Missile Weapons Level 1  
  146  9:11  Corruptor  
  146  9:12  Corruptor x3  
  146  9:15  Drone x2  
  146  9:16  Corruptor  
  156  9:19  Overlord  
  156  9:23  Overlord  
  158  9:29  Overlord  
  158  9:30  Overlord  
  156  9:33  Glial Reconstitution  
  156  9:36  Roach x7  
  164  9:38  Roach x2  
  164  9:40  Roach  
  168  9:48  Roach x5  
  168  9:49  Roach  
  168  9:52  Roach x3  
  186  9:54  Roach  
  186  10:06  Zerg Flyer Weapons Level 2  
  186  10:11  Infestation Pit  
  184  10:20  Ravager x5  
  184  10:21  Ravager x4  
  189  10:22  Zergling x20  
  199  10:30  Hatchery  
  199  10:34  Zergling x2  
  199  10:39  Centrifical Hooks  
  199  10:45  Spine Crawler x2  
  199  10:46  Spine Crawler  
  199  10:47  Overlord x2  
  196  10:51  Drone x2  
  196  10:56  Hatchery  
  197  11:02  Baneling  
  197  11:03  Baneling x24  
  197  11:04  Baneling x7  
  197  11:05  Zergling x6  
  199  11:14  Hive  
  199  11:29  Pneumatized Carapace  
  199  11:48  Extractor  
  199  11:49  Drone  
  199  11:50  Nydus Network  
  199  11:52  Nydus Network  
  197  11:55  Overseer  
  197  11:57  Overseer  
  197  12:04  Zergling x2  
  197  12:05  Zergling x2  
  199  12:21  Zergling x8  
  199  12:22  Zergling x2  
Show
View Real Time Build Order
Export as new Build Order

INnoVation Terran 

Build Orders: Reaper Expand, Mech 

Get SALT Encoding   

  12  0:00  SCV  
  13  0:12  SCV  
  14  0:16  Supply Depot  
  14  0:24  SCV  
  15  0:38  SCV  
  15  0:39  Barracks  
  15  0:42  Refinery  
  16  0:50  SCV  
  17  1:02  SCV  
  18  1:14  SCV  
  19  1:26  Orbital Command, Reaper  
  20  1:38  Command Center  
  20  1:49  Supply Depot  
  20  1:52  SCV  
  21  1:58  Marine  
  22  2:04  SCV  
  23  2:13  Factory  
  23  2:16  SCV  
  23  2:18  Barracks Reactor  
  24  2:28  SCV  
  25  2:40  SCV  
  25  2:42  Command Center  
  27  2:51  Orbital Command  
  27  2:52  SCV  
  27  2:55  Refinery  
  27  3:02  Starport  
  27  3:06  SCV  
  27  3:10  Hellion  
  30  3:17  Hellion  
  30  3:18  SCV  
  33  3:20  SCV  
  33  3:22  Barracks Tech Lab  
  34  3:30  SCV  
  34  3:32  SCV  
  34  3:33  Hellion  
  37  3:38  Hellion  
  37  3:40  Viking  
  41  3:43  SCV  
  41  3:44  SCV  
  43  3:54  Orbital Command  
  43  3:55  Fusion Core  
  43  3:56  SCV  
  43  3:59  SCV  
  43  4:02  Hellion  
  47  4:05  Hellion  
  47  4:09  SCV  
  50  4:11  SCV  
  50  4:13  Refinery  
  50  4:15  Refinery  
  51  4:21  SCV  
  51  4:23  SCV  
  51  4:24  Hellion  
  55  4:25  Orbital Command  
  55  4:27  Hellion  
  55  4:30  Supply Depot  
  57  4:34  SCV  
  57  4:35  SCV  
  57  4:37  Supply Depot  
  59  4:46  SCV  
  59  4:47  SCV  
  59  4:52  Hellion x2  
  65  4:58  Battlecruiser  
  71  5:00  Supply Depot  
  71  5:02  SCV x2  
  71  5:03  SCV  
  74  5:09  Factory  
  74  5:10  Factory  
  74  5:16  Supply Depot, Hellion  
  74  5:19  SCV  
  77  5:22  SCV x2, Hellion  
  77  5:27  Supply Depot  
  81  5:31  SCV  
  81  5:32  Weapon Refit  
  81  5:34  SCV x2  
  84  5:43  SCV, Hellion x2  
  84  5:46  SCV x2  
  91  5:52  Refinery  
  91  5:53  Supply Depot, Refinery  
  91  6:01  Factory Tech Lab  
  91  6:03  SCV, Battlecruiser  
  98  6:07  Hellion  
  98  6:10  Hellion  
  98  6:11  Factory Tech Lab  
  90  6:19  SCV x3  
  89  6:31  SCV x3  
  81  6:42  Hellion x2, Siege Tank  
  81  6:43  Siege Tank  
  81  6:45  SCV x3  
  87  7:01  SCV x3  
  87  7:04  Hellion x2  
  87  7:07  Battlecruiser  
  90  7:13  SCV x2  
  90  7:14  SCV  
  90  7:15  Siege Tank x2  
  96  7:21  Armory  
  96  7:25  SCV x2  
  96  7:26  SCV, Armory  
  99  7:36  Infernal Pre-Igniter  
  101  7:37  Hellion x2  
  101  7:38  SCV  
  101  7:39  SCV x2, Supply Depot x2  
  101  7:42  Engineering Bay  
  106  7:47  Supply Depot  
  106  7:50  Supply Depot  
  106  7:51  SCV x3  
  109  8:01  Supply Depot  
  109  8:03  SCV, Supply Depot  
  109  8:12  SCV x2  
  113  8:15  SCV  
  113  8:16  Thor  
  113  8:17  Thor  
  116  8:20  Missile Turret x2  
  116  8:21  Missile Turret  
  116  8:23  Missile Turret  
  116  8:24  SCV x2  
  116  8:25  Missile Turret  
  118  8:27  SCV  
  118  8:30  Barracks Reactor  
  118  8:32  Factory x2  
  119  8:36  SCV x2  
  119  8:39  SCV  
  122  8:44  Hellion x2  
  122  8:48  SCV x2  
  122  8:59  Siege Tank  
  122  9:00  Siege Tank  
  119  9:05  Hellion x2  
  119  9:07  Command Center  
  120  9:14  Missile Turret  
  120  9:15  Starport Reactor  
  120  9:21  Missile Turret  
  119  9:26  Hellion x2  
  119  9:27  Hellion x2  
  124  9:31  Thor  
  124  9:32  Thor  
  124  9:34  SCV  
  124  9:35  SCV  
  133  9:41  Armory x2  
  133  9:43  SCV  
  132  9:46  SCV  
  132  9:47  SCV  
  132  9:53  Armory  
  132  9:54  Siege Tank  
  132  9:55  Hellion x2  
  138  10:01  Hellion  
  140  10:19  Hellion, Siege Tank x2  
  148  10:26  Siege Tank  
  148  10:27  Hellion x2  
  155  10:28  SCV  
  155  10:31  Terran Vehicle Weapons Level 1  
  155  10:33  Missile Turret  
  156  10:38  Missile Turret  
  156  10:45  Terran Vehicle And Ship Armor Level 1  
  156  11:14  Supply Depot  
  156  11:15  Supply Depot  
  156  11:16  Supply Depot  
  156  11:17  Supply Depot  
  156  11:27  Missile Turret  
  156  11:34  Missile Turret x2  
  156  11:36  SCV x2, Planetary Fortress, Siege Tank x2  
  156  11:37  SCV, Hellion x3  
  156  11:38  Siege Tank  
  174  11:45  Supply Depot  
  174  11:47  Supply Depot  
  174  11:48  SCV x2  
  174  11:52  SCV  
  177  11:54  Refinery  
  177  11:55  Missile Turret  
  177  11:56  Missile Turret  
  177  11:57  Refinery  
  177  11:58  Sensor Tower  
  177  12:00  SCV x2  
  179  12:05  Barracks  
  182  12:11  Sensor Tower  
  157  12:27  SCV x2  
Tags
 
Add a new tag
Caveats
  • Supply blocks, unpowered buildings, or Contaminate may cause inaccurate times.
  • Supply counts are checked every 10 seconds.